AoeStats
← с упругой

Nomad

503343161Analyzed
4v4 RM · 1mo ago on Aug 31, 2026· 15m 41s· 8 players
Game mode
Random Map
Map size
231×231
Population
200
Speed
Normal
Resources
Standard
Victory
Conquest
Starting age
Dark Age
Ending age
Imperial Age
RankedLock teamsTeams togetherTeam positionsShared explorationLock speedFull tech treeHidden civsTurbo modeCheats
Victory
Defeat
🇻🇳 Persians · Vietnam
1639
+13
🇨🇳 Byzantines · China
1627
+13
🇨🇳 Chinese · China
1626
+13
1593
+15
🇦🇷 Burgundians · Argentina
1615
-16
🇦🇷 Tatars · Argentina
1596
-15
🇧🇪 Khmer · Belgium
1562
-13
🇷🇺 Slavs · Russia
1504
-11
DS_Moai
4:30 Loom
9:11 Double-Bit Axe
14:01 Feudal Age
12:13 Fishing Lines
с упругой
4:47 Loom
14:34 Feudal Age
Bigcityboydn_™
5:03 Loom
13:54 Feudal Age
bullseyes
12:57 Feudal Age
13:29 Double-Bit Axe
咸酸菜
3:24 Loom
12:14 Feudal Age
14:38 Double-Bit Axe
牛欢喜
4:42 Loom
13:09 Feudal Age
14:09 Double-Bit Axe
竞技场丢猪被笑三年
5:12 Loom
13:23 Feudal Age
14:07 Double-Bit Axe
17:40 Castle Age
ZiZi
12:45 Feudal Age
16:08 Castle Age
14:25 Double-Bit Axe
Connection lost

Rejoining the realm…

Still unreachable

The connection could not be restored.

Session expired

The server has moved on; the page needs a fresh start.